 Dungeon Crawl Stone Soup version 0.27-a0-1144-g0b7d3b79db (webtiles) character file.

Game seed: 12977628007895200429

37 Ge0ff the Grave Robber (level 3, -1/20 HPs)
             Began as a Deep Elf Necromancer on May 10, 2021.
             Killed from afar by Sigmund (7 damage)
             ... with a magic dart
             ... on level 2 of the Dungeon.
             The game lasted 00:04:09 (1356 turns).

Ge0ff the Grave Robber (Deep Elf Necromancer)       Turns: 1356, Time: 00:04:10

Health: -1/20      AC:  2    Str:  5    XL:     3   Next: 23%
Magic:  5/9        EV: 13    Int: 20    God:
Gold:   11         SH:  0    Dex: 15    Spells: 7/8 levels left

rFire    . . .     SeeInvis .   (no weapon)
rCold    . . .     Faith    .   (no shield)
rNeg     . . .     Spirit   .   a - +0 robe
rPois    .         Reflect  .   (no helmet)
rElec    .         Harm     .   (no cloak)
rCorr    .         Rampage  .   (no gloves)
Will     .....                  (no boots)
Stlth    ++........             (no amulet)
HPRegen  0.06/turn              (no ring)
MPRegen  0.11/turn              (no ring)

@: very slightly contaminated
A: no striking features
a: no special abilities


You were on level 2 of the Dungeon.
You visited 1 branch of the dungeon, and saw 2 of its levels.

You collected 11 gold pieces.

Inventory:

Missiles
 d - 30 stones
 g - 44 sling bullets
Armour
 a - a +0 robe (worn)
Scrolls
 b - a scroll of teleportation {unknown}
 e - a scroll of blinking {unknown}
 f - a scroll of enchant armour {unknown}
Potions
 c - 3 potions of curing {unknown}


   Skills:
 + Level 1.0 Fighting
 + Level 2.9 Dodging
 - Level 3.0 Stealth
 + Level 3.4 Spellcasting
 + Level 5.1 Necromancy


You had 7 spell levels left.
You knew the following spells:

 Your Spells              Type           Power      Damage    Failure   Level
k - Pain                  Necr           96%        1d8       1%          1

Your spell library contained the following spells:

 Spells                   Type           Power      Damage    Failure   Level
 Animate Skeleton         Necr           48%        N/A       1%          1
 Vampiric Draining        Necr           12%        2d7       4%          3
 Apportation              Tloc           6%         N/A       14%         1
 Corona                   Hex            3%         N/A       14%         1
 Summon Small Mammal      Summ           12%        N/A       14%         1
 Animate Dead             Necr           12%        N/A       16%         4
 Agony                    Necr           24%        N/A       41%         5


Dungeon Overview and Level Annotations

Branches:
Dungeon (2/15)

Altars:

Annotations:
D:2 Sigmund


Message History

Your Stealth skill increases to level 3!
You have reached level 3!
Your experience leads to an increase in your attributes!
Increase (S)trength, (I)ntelligence, or (D)exterity?
You feel clever.
You climb upwards.
There is a stone staircase leading down here.
Magic restored.
HP restored.
Done exploring.
You climb downwards.
Level annotation: Sigmund
There is a stone staircase leading up here.
Sigmund shouts!
Sigmund points at you and mumbles some strange words.
You resist with some effort.
Casting: Pain (safe; 1% risk of failure)
Confirm with . or Enter, or press ? or * to list all spells.
Aiming: Pain (safe; 1% risk of failure)
Press: ? - help, Shift-Dir - straight line, f - Sigmund
Aim: Sigmund, wielding a +0 scythe and wearing a +0 robe (chance to affect: 88%) Sigmund writhes in agony.
Sigmund's eyes start glowing with a red light.
Casting: Pain (safe; 1% risk of failure)
Confirm with . or Enter, or press ? or * to list all spells.
Aiming: Pain (safe; 1% risk of failure)
Press: ? - help, Shift-Dir - straight line, f/p - Sigmund
Aim: Sigmund, wielding a +0 scythe and wearing a +0 robe (lightly wounded, chance to affect: 88%) Sigmund writhes in agony.
Casting: Pain (safe; 1% risk of failure)
Confirm with . or Enter, or press ? or * to list all spells.
Aiming: Pain (safe; 1% risk of failure)
Press: ? - help, Shift-Dir - straight line, f/p - Sigmund
Aim: Sigmund, wielding a +0 scythe and wearing a +0 robe (moderately wounded, chance to affect: 88%) Sigmund writhes in agony.
Casting: Pain (safe; 1% risk of failure)
Confirm with . or Enter, or press ? or * to list all spells.
Aiming: Pain (safe; 1% risk of failure)
Press: ? - help, Shift-Dir - straight line, f/p - Sigmund
Aim: Sigmund, wielding a +0 scythe and wearing a +0 robe (moderately wounded, chance to affect: 88%)
You miscast Pain.
You are very lightly contaminated with residual magic.
Nothing appears to happen.
Sigmund hits you from afar with a +0 scythe!
Ouch! That really hurt!
* * * LOW HITPOINT WARNING * * *
Sigmund is suddenly surrounded by pale blue light.
Sigmund gestures at you while chanting. The magic dart hits you!
You die...

................
......!.....###.
....>..........
............###.
............##..
........@.......
............###
..............#
........@.###...
................
.......<[....###
......><#..#....
.##...........#.
#.....#.......
_.......$.......
..#.....).......
. #...........#.


You could see Sigmund.

Vanquished Creatures
  Terence (D:2)
  3 endoplasms (D:1)
  A goblin (D:2)
  A hobgoblin (D:1)
  3 jackals (D:1)
  2 bats (D:1)
11 creatures vanquished.

Notes
Turn   | Place    | Note
-------+----------+-------------------------------------------
     0 | D:1      | Ge0ff the Deep Elf Necromancer began the quest for the Orb.
     0 | D:1      | Reached XP level 1. HP: 10/10 MP: 6/6
   510 | D:1      | Reached XP level 2. HP: 13/16 MP: 5/8
  1168 | D:2      | Noticed Sigmund
  1168 | D:2      | Noticed Terence
  1169 | D:2      | Found a faded altar of an unknown god.
  1224 | D:2      | Reached skill level 5 in Necromancy
  1228 | D:2      | Killed Terence
  1229 | D:2      | Reached skill level 1 in Fighting
  1229 | D:2      | Reached XP level 3. HP: 12/20 MP: 2/9
  1356 | D:2      | Killed from afar by Sigmund

Illustrated notes

Levels and vault maps discovered:
D:1:      lemuel_arrival_behind_the_door_small, layout_basic
D:2:      layout_rooms, basic_altar, ebering_ecumenical_altar_box,
          minmay_misc_feat_cross, uniq_sigmund, uniq_jessica, uniq_terence

Skill      XL: |  1  2 |
---------------+-------+-----
Necromancy     | 5 |  5.1
Fighting       | 1 |  1.0
Stealth        | 3 |  3.0
Dodging        | |  2.9
Spellcasting   | |  3.4

Action                   || total
-------------------------++-------
 Cast: Pain              ||    24
Dodge: Dodged            ||     1

Table legend: (Time is in decaauts)
 A = Elapsed time spent in this place.
 B = Non-inter-level travel time spent in this place.
 C = Inter-level travel time spent in this place.
 D = Time resting spent in this place.
 E = Time spent auto-exploring this place.
 F = Levels seen in this place.
 G = Mean time per level.
                   A        B        C        D        E       F      G
               +--------+--------+--------+--------+--------+-----+--------+
         Total |   1358 |   1294 |     64 |     77 |   1085 |   2 |  679.0 |
       Dungeon |   1358 |   1294 |     64 |     77 |   1085 |   2 |  679.0 |
               +--------+--------+--------+--------+--------+-----+--------+

Top non-repeatable levels by time:
     D:1: 1324 daAuts
     D:2: 34 daAuts
